 Dungeon Crawl Stone Soup version 0.29-a0-341-g24ffce5b50 (webtiles) character file.

Game seed: 321641999724426374

37 Hubjo the Sneak (level 3, -37/22 HPs)
             Began as a Deep Elf Monk on Apr 20, 2022.
             Killed by an exploding orc priest (46 damage)
             ... ignited by their inner flame
             ... on level 2 of the Dungeon.
             The game lasted 00:04:47 (2659 turns).

Hubjo the Sneak (Deep Elf Monk)                     Turns: 2659, Time: 00:04:50

Health: -37/22     AC:  2    Str:  8    XL:     3   Next: 21%
Magic:  7/7        EV: 13    Int: 16    God:
Gold:   85         SH:  0    Dex: 17    Spells: 5/5 levels left

rFire   . . .      SeeInvis .   a - +0 short sword
rCold   . . .      Faith    +   (no shield)
rNeg    . . .      Spirit   .   b - +0 robe
rPois   .          Reflect  .   (no helmet)
rElec   .          Harm     .   (no cloak)
rCorr   .          Rampage  .   (no gloves)
Will    .....                   (no boots)
Stlth   +++.......              f - amulet of faith
HPRegen 0.07/turn               (no ring)
MPRegen 0.10/turn               (no ring)

@: mighty
A: no striking features
a: no special abilities


You were on level 2 of the Dungeon.
You visited 1 branch of the dungeon, and saw 3 of its levels.

You collected 85 gold pieces.

Inventory:

Hand Weapons
 a - a +0 short sword (weapon)
Armour
 b - a +0 robe (worn)
Jewellery
 f - an amulet of faith (around neck)
Scrolls
 h - a scroll of amnesia {unknown}
 k - a scroll of enchant weapon {unknown}
Potions
 e - a potion of brilliance


   Skills:
 - Level 2.5 Fighting
 + Level 3.2 Short Blades
 - Level 3.6 Dodging
 * Level 3.8 Stealth
 + Level 1.7 Spellcasting


You had 5 spell levels left.
You didn't know any spells.
Your spell library was empty.

Dungeon Overview and Level Annotations

Branches:
Dungeon (3/15)

Altars:


Message History

No target in view!
No target in view!
No target in view!
No target in view!
No target in view!
No target in view!
No target in view!
No target in view!
No target in view!
You start resting.
HP restored.
As you read the scroll labelled YLUEMP VETRORGH, it crumbles to dust.
You feel strangely unstable.
It was a scroll of teleportation.
You climb downwards.
Your surroundings suddenly seem different.
Found 10 gold pieces.
Found a stone staircase leading down.
An orc and a kobold come into view.
The orc shouts!
An orc priest comes into view.
It is wielding a +0 whip and wearing a +2 leather armour of cold resistance.
A ball python comes into view.
The orc priest shouts!
The orc priest hits you with a +0 whip!
There is a stone staircase leading up here.
The orc priest casts a cantrip, but nothing happens.
You climb upwards.
There is a stone staircase leading down here.
As you read the scroll labelled ESCHIK MEFATSOE, it crumbles to dust.
The creatures around you are filled with an inner flame!
It was a scroll of immolation.
The orc priest hits you with a +0 whip.
It was a potion of might.
You feel very mighty all of a sudden. The orc priest hits you with a +0 whip.
You completely miss the orc priest. The orc priest barely misses you.
You puncture the orc priest!
Flame seeps out of the orc priest.
The orc priest is severely wounded.
The orc priest is engulfed in blazing flames.
The orc priest explodes!
The fiery explosion engulfs you!!!
Ouch! That really hurt!
You die...

#.......##..#####.###
#####.####..# ###...#
######.####..# #...#.#
.............# #.#.#.####
............## #........#
............# #........#
............####§§§.....#
.........$.[....§○§.....#
..........>.....@§......#
........................#
...........#.##.).......#
...........#[##.#########
...........#.##.#
...........#.##.#
############.##.# #.##.#
#.##.#


There were no monsters in sight!

Vanquished Creatures
  An orc priest (D:2)
  An adder (D:2)
  2 orcs (D:2)
  A ball python (D:1)
  2 bats
  An endoplasm (D:1)
  A giant cockroach (D:2)
  4 jackals (D:2)
  5 quokkas
  3 frilled lizards
  2 kobolds
  A rat (D:1)
24 creatures vanquished.

Notes
Turn   | Place    | Note
-------+----------+-------------------------------------------
     0 | D:1      | Hubjo the Deep Elf Monk began the quest for the Orb.
     0 | D:1      | Reached XP level 1. HP: 13/13 MP: 3/3
   367 | D:1      | Reached skill level 1 in Spellcasting
   367 | D:1      | Reached XP level 2. HP: 14/18 MP: 5/5
  1389 | D:2      | Reached XP level 3. HP: 11/22 MP: 7/7
  2659 | D:2      | Killed by an exploding orc priest... ignited by their inner
                  | flame

Illustrated notes

Levels and vault maps discovered:
D:1:      ebering_trefoil_3fold, layout_loops_ring
D:2:      layout_basic, basic_ecumenical_altar, basic_altar
D:3:      layout_rooms, serial_shops, shop_statue, uniq_natasha, uniq_robin

Skill      XL: |  1 |
---------------+----+-----
Stealth        | 3 |  3.8
Spellcasting   | 1 |  1.7
Fighting       | |  2.5
Short Blades   | |  3.2
Dodging        | |  3.6

Action                   || total
-------------------------++-------
Melee: Short sword       ||   109
       Punch             ||     2
  Use: Potion            ||     5
       Scroll            ||     2
 Stab: Sleeping          ||     2
Armor: Robe              ||    21
Dodge: Dodged            ||   110

Table legend: (Time is in decaauts)
 A = Elapsed time spent in this place.
 B = Non-inter-level travel time spent in this place.
 C = Inter-level travel time spent in this place.
 D = Time resting spent in this place.
 E = Time spent auto-exploring this place.
 F = Levels seen in this place.
 G = Mean time per level.
                   A        B        C        D        E       F      G
               +--------+--------+--------+--------+--------+-----+--------+
         Total |   2660 |   2623 |     37 |   1138 |   1132 |   3 |  886.7 |
       Dungeon |   2660 |   2623 |     37 |   1138 |   1132 |   3 |  886.7 |
               +--------+--------+--------+--------+--------+-----+--------+

Top non-repeatable levels by time:
     D:2: 1352 daAuts
     D:1: 892 daAuts
     D:3: 415 daAuts
